 Dungeon Crawl Stone Soup version 0.23-a0-435-g79ed067 (webtiles) character file.

3812 UltraPeaceful the Grappler (level 9, -2/79 HPs)
             Began as a Troll Venom Mage on Nov 15, 2018.
             Slain by an iguana (10 damage)
             ... on level 7 of the Dungeon.
             The game lasted 00:17:49 (6244 turns).

UltraPeaceful the Grappler (Troll Venom Mage)       Turns: 6244, Time: 00:17:49

Health: -2/79      AC:  8    Str: 19    XL:     9   Next: 96%
Magic:  9/9        EV: 10    Int: 18    God:
Gold:   336        SH:  0    Dex: 10    Spells: 3/10 levels left

rFire    . . .     SeeInvis .     - Unarmed
rCold    . . .     Gourm    +   (no shield)
rNeg     . . .     Faith    .   a - +0 robe
rPois    .         Spirit   .   (helmet restricted)
rElec    .         Reflect  .   e - +2 cloak
rCorr    .         Harm     .   (gloves unavailable)
MR       +....                  (boots unavailable)
Stlth    +.........             k - amulet of regeneration
HPRegen  1.03/turn              r - ring of protection from magic
MPRegen  0.11/turn              B - +5 ring of intelligence

@: marked, hasted, very quick
A: large, unfitting armour, claws 3, fast metabolism 3, gourmand, regeneration
1, shaggy fur 1, tough skin 2
a: no special abilities


You were on level 7 of the Dungeon.
You were very full.

You visited 1 branch of the dungeon, and saw 7 of its levels.
You also visited: Sewer.

You collected 336 gold pieces.

Inventory:

Hand Weapons
 h - a +1 spear of venom
 s - a +0 trident
Missiles
 t - 94 stones (quivered)
 y - 5 tomahawks
Armour
 a - a +0 robe (worn)
 e - a +2 cloak (worn)
Jewellery
 k - an amulet of regeneration (around neck)
 p - an uncursed amulet of faith {unknown}
 r - a ring of protection from magic (left claw)
 A - a +4 amulet of reflection {unknown}
 B - a +5 ring of intelligence (right claw)
 E - an uncursed amulet of magic regeneration {unknown}
Wands
 x - a wand of flame (17)
Scrolls
 b - 2 scrolls of magic mapping
 j - 4 scrolls of remove curse
 u - a scroll of immolation
 z - a scroll of enchant armour
 D - a scroll of teleportation
Potions
 d - a potion of flight {unknown}
 f - a potion of curing
 g - a potion of haste
 m - a potion of agility {unknown}
 o - 3 potions of might
 q - a potion of brilliance {unknown}
 v - a potion of lignification {unknown}
 w - 2 potions of resistance {unknown}
 F - a potion of mutation {unknown}
Comestibles
 c - 12 rations
 i - 3 chunks of flesh


   Skills:
 * Level 2.0 Fighting
 - Level 1.5 Dodging
 - Level 1.0 Stealth
 * Level 12.3 Unarmed Combat
 - Level 1.2 Spellcasting
 - Level 0.6 Conjurations
 + Level 3.0 Air Magic
 + Level 3.5 Poison Magic


You had 3 spell levels left.
You knew the following spells:

 Your Spells              Type           Power        Failure   Level  Hunger
a - Sting                 Conj/Pois      #...         9%          1    ##.....
b - Poisonous Vapours     Pois/Air       ##....       8%          2    ###....
c - Olgreb's Toxic Radia  Pois           ##......     43%         4    #####..

Your spell library contained the following spells:

 Spells                   Type           Power        Failure   Level  Hunger
 Mephitic Cloud           Conj/Pois/Air  #.......     22%         3    ####...
 Venom Bolt               Conj/Pois      #.........   93%         5    ######.


Dungeon Overview and Level Annotations

Branches:
Dungeon (7/15)
 Temple: D:4-7

Altars:
Dithmenos
Elyvilon
Fedhas
Okawaru
Qazlal
Ru
Sif Muna
Uskayaw
Yredelemnul
Zin
The Shining One

Shops:
D:4 [   D:5 *((*}

Annotations:
D:3 exclusion: oklob plant
D:4 exclusion: downstairs
D:6 exclusion: downstairs


Innate Abilities, Weirdness & Mutations

You are too large for most types of armour.
You have claws for hands.
Your metabolism is lightning-fast.
You like to eat raw meat.
Your natural rate of healing is unusually fast.
You are covered in fur. (AC +1)
You have very tough skin. (AC +2)


Message History

A hound comes into view.
You barely miss Harold.
Harold is almost dead.
The iguana bites you.
* * * LOW HITPOINT WARNING * * *
You claw Harold!
Harold is almost dead.
Harold hits you with a +0 mace!
* * * LOW HITPOINT WARNING * * *
You closely miss Harold.
Harold is almost dead.
The iguana bites you!
* * * LOW HITPOINT WARNING * * *
You feel better.
You claw Harold!
You kill Harold!
Your Fighting skill gained 2 levels and is now at level 2!
Your Unarmed Combat skill increases to level 12!
The iguana bites you!
You die...

#..##....
#..##....
#.......#
#......##
#.#....#
#......#
#......#
##......##
#...h.@l.#
#.......)..#
#...###........
#.. #........ #
#########


You could see an iguana and a hound.

Vanquished Creatures
  Harold (D:7)
  A hornet (D:4)
  Prince Ribbit (D:4)
  Menkaure (D:5)
  Duvessa (D:5)
  A necrophage (D:6)
  2 ogres
  A centaur (D:5)
  7 big kobolds (Sewer)
  3 bullfrogs
  2 gnoll sergeants (D:7)
  Dowan (D:5)
  A howler monkey (D:4)
  A bullfrog zombie (D:5)
  A centaur zombie (D:6)
  3 crimson imps
  11 hounds
  A jelly (D:7)
  3 orc priests
  A bullfrog skeleton (D:5)
  3 iguanas
  An orc wizard (D:4)
  8 worker ants
  A hound skeleton (D:6)
  A hound zombie (D:6)
  5 gnolls
  A howler monkey skeleton (D:4)
  11 adders
  2 river rats (Sewer)
  6 oozes
  2 adder zombies
  2 adder skeletons (D:4)
  3 worms
  2 dart slugs
  6 leopard geckos
  9 orcs
  5 giant cockroaches
  6 goblins
  6 hobgoblins
  7 jackals
  8 kobolds
  3 quokkas
  5 ball pythons
  4 bats
  4 frilled lizards
  A jackal skeleton (D:5)
  A leopard gecko skeleton (D:6)
  2 quokka zombies (D:5)
  8 rats
167 creatures vanquished.

Notes
Turn   | Place    | Note
-------+----------+-------------------------------------------
     0 | D:1      | UltraPeaceful the Troll Venom Mage began the quest for the
                  | Orb.
     0 | D:1      | Reached XP level 1. HP: 16/16 MP: 1/1
   314 | D:1      | Reached XP level 2. HP: 24/24 MP: 2/2
   321 | D:1      | Learned a level 2 spell: Poisonous Vapours
   686 | D:2      | Reached skill level 1 in Unarmed Combat
   712 | D:2      | Reached XP level 3. HP: 31/31 MP: 3/3
   785 | D:2      | Found a faded altar of an unknown god.
   877 | D:2      | Found a deep blue altar of Sif Muna.
  1391 | D:3      | Found a hide-covered altar of Uskayaw.
  1423 | D:3      | Reached skill level 2 in Unarmed Combat
  1492 | D:3      | Reached XP level 4. HP: 34/39 MP: 4/4
  1616 | D:3      | Found a glowing drain.
  1620 | Sewer    | Entered a sewer
  1649 | Sewer    | Reached skill level 1 in Air Magic
  1657 | Sewer    | Noticed a big kobold
  1657 | Sewer    | Noticed a big kobold
  1670 | Sewer    | Killed a big kobold
  1670 | Sewer    | Reached skill level 3 in Unarmed Combat
  1670 | Sewer    | Reached XP level 5. HP: 45/45 MP: 0/5
  1687 | Sewer    | Reached skill level 4 in Unarmed Combat
  1738 | Sewer    | Reached XP level 6. HP: 52/53 MP: 2/6
  1765 | Sewer    | Reached skill level 5 in Unarmed Combat
  1842 | Sewer    | Reached skill level 6 in Unarmed Combat
  1884 | Sewer    | Reached XP level 7. HP: 57/59 MP: 5/7
  2276 | D:3      | Found a blossoming altar of Fedhas.
  2286 | D:3      | Noticed an oklob plant
  2696 | D:4      | Reached skill level 7 in Unarmed Combat
  2970 | D:4      | Found a stormy altar of Qazlal.
  2972 | D:4      | Found a glowing silver altar of Zin.
  2973 | D:4      | Found a shadowy altar of Dithmenos.
  2974 | D:4      | Found a basalt altar of Yredelemnul.
  2976 | D:4      | Found a glowing golden altar of the Shining One.
  3035 | D:4      | Noticed a hornet
  3045 | D:4      | Killed a hornet
  3045 | D:4      | Reached XP level 8. HP: 20/67 MP: 1/8
  3048 | D:4      | Reached skill level 8 in Unarmed Combat
  3221 | D:4      | Found an iron altar of Okawaru.
  3477 | D:4      | Found Fepeas's Antique Armour Emporium.
  3608 | D:4      | Found a sacrificial altar of Ru.
  3658 | D:5      | Entered Level 5 of the Dungeon
  3658 | D:5      | Found Cuesk's Gadget Emporium.
  3910 | D:5      | Found Xykatze's Weapon Shoppe.
  3913 | D:5      | Reached skill level 9 in Unarmed Combat
  4045 | D:5      | Found Jokin's Assorted Antiques.
  4200 | D:5      | Noticed Dowan
  4205 | D:5      | Noticed Prince Ribbit
  4227 | D:4      | Killed Prince Ribbit
  4332 | D:5      | Noticed Menkaure
  4334 | D:5      | Found Utunaz's Weapon Shop.
  4345 | D:5      | Killed Menkaure
  4345 | D:5      | Reached skill level 10 in Unarmed Combat
  4387 | D:5      | Noticed Duvessa
  4407 | D:5      | Killed Duvessa
  4407 | D:5      | Reached XP level 9. HP: 71/74 MP: 2/9
  4412 | D:5      | Killed Dowan
  4437 | D:5      | Found Eptadu's Assorted Antiques.
  4764 | D:6      | Reached skill level 11 in Unarmed Combat
  5231 | D:6      | Learned a level 4 spell: Olgreb's Toxic Radiance
  5249 | D:7      | Found a white marble altar of Elyvilon.
  6223 | D:7      | Noticed Harold
  6242 | D:7      | HP: 1/74 [iguana (8)]
  6244 | D:7      | Killed Harold
  6244 | D:7      | Reached skill level 12 in Unarmed Combat
  6244 | D:7      | Slain by an iguana

Vault maps used:
D:1:      psy_arrival_spokes
D:2:      old_standard_altar, chequers_ecumenical_altar_grove
D:3:      overflow_temple_1_default, gup_sewer_entry_bowl, tgw_fedhas
D:4:      minitemple, okawaru_altar_gauntlet_db, marbit_many_paths,
          serial_shops, shop_statue
D:5:      first_ration, serial_shops, shop, shop_statue, shop, shop, shop_coins,
          minivault_26, uniq_duvessa, uniq_prince_ribbit1, uniq_menkaure
D:6:      kennysheep_path_1
D:7:      lemuel_crystal_altar, temple_pool_b, serial_gnoll_camp,
          gnoll_camp_mini_loothouse, gnoll_camp_huts_moat, gnoll_camp_medium_01,
          gnoll_camp_mini_house, gnoll_camp_mini_house, uniq_harold
Sewer:    sewer_co_tree

Skill      XL: |  1  2  3  4  5  6  7  8  9 |
---------------+----------------------------+-----
Unarmed Combat | 1 2 3 4 6 7 10 12 | 12.3
Air Magic      | 1 2 3 |  3.0
Poison Magic   | 3 |  3.5
Fighting       | 2 |  2.0
Dodging        | |  1.5
Stealth        | |  1.0
Spellcasting   | |  1.2
Conjurations   | |  0.6

Action                   |  1- 3 |  4- 6 |  7- 9 || total
-------------------------+-------+-------+-------++-------
Melee: Unarmed           |   103 |    81 |   352 ||   536
       Punch             |       |       |     6 ||     6
 Cast: Poisonous Vapours |       |     7 |    11 ||    18
  Use: Potion            |       |       |     7 ||     7
       Scroll            |       |       |    11 ||    11
 Stab: Sleeping          |     4 |     1 |       ||     5
  Eat: Chunk             |    17 |     6 |    41 ||    64
Armor: Robe              |    47 |    11 |   134 ||   192
Dodge: Dodged            |    56 |    38 |   200 ||   294

Table legend:
 A = Non-vault XP
 B = Vault XP
 C = Vault XP percentage of total XP
 D = Non-vault monster count
 E = Vault monster count
 F = Vault count percentage of total count
                 A         B        C        D         E       F
            +---------+---------+-------+---------+---------+-------
      Total |    2674 |    2772 |  50.9 |     118 |      49 |  29.3
            +---------+---------+-------+---------+---------+-------
        D:1 |      20 |       0 |   0.0 |      12 |       0 |   0.0
        D:2 |      42 |       0 |   0.0 |      16 |       0 |   0.0
        D:3 |      51 |       5 |   8.9 |      14 |       2 |  12.5
        D:4 |     792 |     297 |  27.3 |      21 |       8 |  27.6
        D:5 |     592 |     404 |  40.6 |      17 |       3 |  15.0
        D:6 |     757 |      59 |   7.2 |      22 |       2 |   8.3
        D:7 |     420 |    1204 |  74.1 |      16 |       6 |  27.3
      Sewer |       0 |     803 | 100.0 |       0 |      28 | 100.0
            +---------+---------+-------+---------+---------+-------
